 Dungeon Crawl Stone Soup version 0.13-a0-2477-geaae114 (webtiles) character file.

377 Rycklaryybbe the Gusty (level 6, 0/41 HPs)
             Began as a Human Air Elementalist on July 19, 2013.
             Slain by Rycklaryybbe's ghost (8 damage)
             ... on Level 3 of the Dungeon.
             The game lasted 00:14:07 (3538 turns).

Rycklaryybbe the Gusty (Human Air Elementalist)     Turns: 3538, Time: 00:14:07

HP   0/41        AC  7     Str  9      XL: 6   Next: 18%
MP   7/11        EV 12     Int 16      God:
Gold 157         SH  0     Dex 14      Spells:  2 memorised,  6 levels left

Res.Fire  : . . .   See Invis. : +   e - +1 hand axe
Res.Cold  : . . .   Warding    : .   a - +0 robe
Life Prot.: . . .   Conserve   : .   (no shield)
Res.Poison: .       Res.Corr.  : .   h - +2 helmet {SInv}
Res.Elec. : .       Clarity    : .   n - +0 cloak
Sust.Abil.: . .     Spirit.Shd : .   i - +0 pair of dwarf gauntlets
Res.Mut.  : .       Stasis     : .   (no boots)
Res.Rott. : .       Flight     : .   (no amulet)
Saprovore : . . .                    (no ring)
                                     (no ring)

@: slightly resistant to hostile enchantments, fairly stealthy
A: no striking features
a: no special abilities


You were on level 3 of the Dungeon.
You were hungry.

You visited 1 branch of the dungeon, and saw 3 of its levels.

You collected 137 gold pieces.

Inventory:

Hand weapons
 e - a +1,+1 hand axe (weapon)
 k - a +0,+0 sling
 x - a -1 orcish blowgun
Missiles
 y - 20 poisoned needles
Armour
 a - a +0 robe (worn)
 h - a +2 helmet of see invisible (worn)
 i - a +0 pair of dwarven gauntlets (worn)
 n - a +0 cloak (worn)
 r - a +0 cloak
Comestibles
 c - 3 bread rations
 q - 2 meat rations
 u - an apple
 v - 2 rotting chunks of hobgoblin flesh
 z - a rotting chunk of hobgoblin flesh
Scrolls
 d - 3 scrolls of enchant weapon I
 l - a scroll of curse jewellery {unknown}
 m - a scroll of identify
 p - a scroll of amnesia {unknown}
 t - a scroll of recharging {unknown}
 w - a scroll of teleportation {unknown}
Potions
 f - a potion of agility {unknown}
 g - a potion of curing
 j - a potion of restore abilities
 o - a potion of coagulated blood
 s - 2 potions of magic {unknown}
Books
 b - a book of Air

   Spells                             Type                      Level
   *Shock                             Conjuration/Air              1
   *Swiftness                         Charms/Air                   2
   Repel Missiles                     Charms/Air                   2
   Flight                             Charms/Air                   3
   Static Discharge                   Conjuration/Air              3
   Lightning Bolt                     Conjuration/Air              5


   Skills:
 - Level 2.0 Dodging
 - Level 2.0 Stealth
 + Level 2.2 Spellcasting
 - Level 1.0 Conjurations
 - Level 6.0 Air Magic


You had 6 spell levels left.
You knew the following spells:

 Your Spells              Type           Power        Failure   Level  Hunger
a - Shock                 Conj/Air       ##..         6%          1    #......
b - Swiftness             Chrm/Air       ##........   10%         2    ##.....


Dungeon Overview and Level Annotations

Branches:
Dungeon (3/27)

Altars:
Nemelex Xobeh

Annotations
D:3 Rycklaryybbe's ghost, average DrTm


Message History

Rycklaryybbe's ghost says, "I break bones and crack skulls... with my bare hands."
You hit Rycklaryybbe's ghost but do no damage.
Rycklaryybbe's ghost is heavily damaged.
Rycklaryybbe's ghost hits you but does no damage.
Rycklaryybbe's ghost sneers, "Only the weak need weapons."
You hit Rycklaryybbe's ghost but do no damage.
Rycklaryybbe's ghost is heavily damaged.
Rycklaryybbe's ghost closely misses you.
Rycklaryybbe's ghost hits you but does no damage.
Casting: Shock
Confirm with . or Enter, or press ? or * to list all spells.
Aiming: Shock
Press: ? - help, Shift-Dir - straight line, f/p - Rycklaryybbe's ghost
Aim: Rycklaryybbe's ghost (heavily damaged)
The zap hits Rycklaryybbe's ghost.
Rycklaryybbe's ghost is severely damaged.
Rycklaryybbe's ghost hits you!
* * * LOW HITPOINT WARNING * * *
Rycklaryybbe's ghost hits you!
You die...

##.####.#####......
#..................
#..........##......
#..........##......
#..........##......
#.........)##......
#..>.......##......
#<.p.......####....
##@####............
#.##......####....
#.##......# #....
#.##......####....
#.##...........##.
#.##..........(##.
#.##.........)....
#.##...........##.
#.##..............


You could see Rycklaryybbe's ghost.

Vanquished Creatures
  2 orc wizards (D:3)
  Ijyb (D:2)
  4 adders
  A giant mite (D:1)
  3 worms
  An iguana skeleton (D:2)
  3 giant geckos
  An ooze (D:1)
  7 orcs (D:3)
  2 ball pythons
  8 bats
  8 goblins
  9 hobgoblins
  6 jackals
  6 kobolds
  2 quokkas (D:2)
  5 giant cockroaches
  6 giant newts
  A giant newt skeleton (D:2)
  2 goblin skeletons (D:2)
  A goblin zombie (D:2)
  An orc skeleton (D:2)
  A quokka skeleton (D:2)
  2 rats
83 creatures vanquished.

Notes
Turn   | Place    | Note
--------------------------------------------------------------
     0 | D:1      | Rycklaryybbe, the Human Air Elementalist, began the quest for the Orb.
     0 | D:1      | Reached XP level 1. HP: 13/13 MP: 3/3
   260 | D:1      | Reached XP level 2. HP: 17/19 MP: 4/4
   666 | D:1      | Reached skill level 4 in Air Magic
   666 | D:1      | Reached XP level 3. HP: 18/24 MP: 2/5
  1185 | D:2      | Found a sparkling altar of Nemelex Xobeh.
  1203 | D:2      | Reached XP level 4. HP: 26/30 MP: 0/7
  1635 | D:2      | Noticed Ijyb
  1744 | D:2      | Killed Ijyb
  1744 | D:2      | Reached skill level 5 in Air Magic
  2322 | D:2      | Reached XP level 5. HP: 35/35 MP: 8/8
  2525 | D:2      | Learned a level 2 spell: Swiftness
  2989 | D:3      | Reached skill level 6 in Air Magic
  3214 | D:3      | Reached XP level 6. HP: 31/41 MP: 5/10
  3252 | D:3      | Noticed Rycklaryybbe's ghost (average DrTm)
  3538 | D:3      | Slain by Rycklaryybbe's ghost

Action                   |  1- 3 |  4- 6 || total
-------------------------+-------+-------++-------
Melee: Unarmed           |    11 |       ||    11
       Hand axe          |    63 |   165 ||   228
 Fire: Blowgun           |       |     7 ||     7
 Cast: Shock             |    36 |   112 ||   148
  Use: Potion            |       |     5 ||     5
       Scroll            |       |     7 ||     7
 Stab: Sleeping          |     2 |     2 ||     4
